TOP OF THE 1ST |
Clemson University Tigers batting - Pitching for University of Michigan Wolverines : RHP Troy O'Connor
|
Pitching: RHP Troy O'Connor
|
|
Batting: RHB Adrian Franz
|
0-0: Ground out 3-1 (Groundball, 34, EV 104.4 MPH)
|
Batting: LHB Wade Girard
|
0-0: Ground out U3 (Groundball, 34S, EV 86.9 MPH)
|
Batting: LHB Jonathan Watt
|
0-0: Called Strike 0-1: Swinging Strike 0-2: Ball 1-2: Strikes out swinging
|
Top of the 1st over - 0 runs, 0 hits, 0 errors, 0 left on base; Clemson University 0 - University of Michigan 0 |
BOTTOM OF THE 1ST |
University of Michigan Wolverines batting - Pitching for Clemson University Tigers : LHP Oliver Troiano
|
Pitching: LHP Oliver Troiano
|
|
Batting: LHB Carlos Guajardo
|
0-0: Ball 1-0: Ball 2-0: Called Strike 2-1: Fly out, F7 (Flyball, 7S, EV 90.6 MPH)
|
Batting: RHB Ben Follett
|
0-0: Ball 1-0: Ball 2-0: Called Strike 2-1: DOUBLE (Flyball, 78D, EV 101.9 MPH)
|
Batting: SHB J.D. Newman
|
0-0: Fly out, F8 (Flyball, 89D, EV 88.8 MPH) Runner from 2nd tags up, SAFE at 3rd, no throw by CF
|
Batting: LHB Hector Beltran
|
0-0: Called Strike 0-1: Swinging Strike 0-2: Ball 1-2: Ground out 4-3 (Groundball, 34, EV 85.0 MPH)
|
Bottom of the 1st over - 0 runs, 1 hit, 0 errors, 1 left on base; Clemson University 0 - University of Michigan 0 |
TOP OF THE 2ND |
Clemson University Tigers batting - Pitching for University of Michigan Wolverines : RHP Troy O'Connor
|
Batting: LHB Mario Nunez
|
0-0: Called Strike 0-1: Foul Ball, location: 2F 0-2: Strikes out swinging
|
Batting: RHB Jason Duncan
|
0-0: Swinging Strike 0-1: Swinging Strike 0-2: Strikes out swinging
|
Batting: RHB Steve Brock
|
0-0: SINGLE (Groundball, 56D, EV 95.0 MPH)
|
Batting: RHB Nick Ellis
|
0-0: Foul Ball, location: 2F 0-1: Ball 1-1: Called Strike 1-2: Strikes out looking
|
Top of the 2nd over - 0 runs, 1 hit, 0 errors, 1 left on base; Clemson University 0 - University of Michigan 0 |
BOTTOM OF THE 2ND |
University of Michigan Wolverines batting - Pitching for Clemson University Tigers : LHP Oliver Troiano
|
Batting: RHB Mitsuhiro Kobayashi
|
0-0: Called Strike 0-1: Swinging Strike 0-2: Strikes out swinging
|
Batting: LHB Takao Ogura
|
0-0: Called Strike 0-1: Swinging Strike 0-2: Ball 1-2: Foul Ball, location: 2F 1-2: Strikes out looking
|
Batting: RHB Michael Patterson
|
0-0: Ball 1-0: Swinging Strike 1-1: Swinging Strike 1-2: Strikes out looking
|
Bottom of the 2nd over - 0 runs, 0 hits, 0 errors, 0 left on base; Clemson University 0 - University of Michigan 0 |
TOP OF THE 3RD |
Clemson University Tigers batting - Pitching for University of Michigan Wolverines : RHP Troy O'Connor
|
Batting: LHB Bryant Dill
|
0-0: Ball 1-0: Ground out 1-3 (Groundball, 34S, EV 71.9 MPH)
|
Batting: RHB Ross Hallock
|
0-0: Ball 1-0: Called Strike 1-1: Fly out, F8 (Flyball, 8LXD, EV 83.8 MPH)
|
Batting: RHB Adrian Franz
|
0-0: Called Strike 0-1: Swinging Strike 0-2: Ball 1-2: DOUBLE (Line Drive, 9LM, EV 110.0 MPH)
|
Batting: LHB Wade Girard
|
0-0: Foul Ball, location: 2F 0-1: Ball 1-1: Fly out, F7 (Flyball, 78M, EV 86.9 MPH)
|
Top of the 3rd over - 0 runs, 1 hit, 0 errors, 1 left on base; Clemson University 0 - University of Michigan 0 |
BOTTOM OF THE 3RD |
University of Michigan Wolverines batting - Pitching for Clemson University Tigers : LHP Oliver Troiano
|
Batting: RHB Shi-xian Da
|
0-0: Called Strike 0-1: Ball 1-1: Ball 2-1: SINGLE (Groundball, 5S, EV 66.2 MPH) (infield hit)
|
Batting: SHB Raul Herrera
|
0-0: Ball 1-0: Called Strike 1-1: Foul Ball, location: 2F 1-2: Ball 2-2: SINGLE (Groundball, 34S, EV 78.8 MPH) (infield hit) Shi-xian Da to second
|
Batting: LHB Carlos Guajardo
|
0-0: Fly out, F7 (Flyball, 7, EV 91.9 MPH)
|
Batting: RHB Ben Follett
|
0-0: Foul Ball, location: 2F 0-1: Ball 1-1: Foul Ball, location: 2F 1-2: SINGLE (Groundball, 56D, EV 100.6 MPH) Shi-xian Da to third Raul Herrera to second
|
Batting: SHB J.D. Newman
|
0-0: Called Strike 0-1: Fly out, F6 (Line Drive, 56D, EV 70.6 MPH)
|
Batting: LHB Hector Beltran
|
0-0: Called Strike 0-1: Ball 1-1: Foul Ball, location: 2F 1-2: Strikes out looking
|
Bottom of the 3rd over - 0 runs, 3 hits, 0 errors, 3 left on base; Clemson University 0 - University of Michigan 0 |
TOP OF THE 4TH |
Clemson University Tigers batting - Pitching for University of Michigan Wolverines : RHP Troy O'Connor
|
Batting: LHB Jonathan Watt
|
0-0: Ball 1-0: Ball 2-0: Ball 3-0: Base on Balls
|
Batting: LHB Mario Nunez
|
0-0: Foul Ball, location: 2F 0-1: Fly out, F9 (Line Drive, 9S, EV 88.1 MPH)
|
Batting: RHB Jason Duncan
|
0-0: Foul Ball, location: 2F 0-1: Reached on error, E6 (Groundball, 6, EV 92.5 MPH) Jonathan Watt to second
|
Batting: RHB Steve Brock
|
0-0: Grounds into double play, 5-4-3 (Groundball, 25, EV 76.9 MPH)
|
Top of the 4th over - 0 runs, 0 hits, 1 error, 1 left on base; Clemson University 0 - University of Michigan 0 |
BOTTOM OF THE 4TH |
University of Michigan Wolverines batting - Pitching for Clemson University Tigers : LHP Oliver Troiano
|
Batting: RHB Mitsuhiro Kobayashi
|
0-0: Ball 1-0: Ball 2-0: Called Strike 2-1: Ball 3-1: Foul Ball, location: 2F 3-2: Strikes out looking
|
Batting: LHB Takao Ogura
|
0-0: Swinging Strike 0-1: Foul Ball, location: 2F 0-2: Ball 1-2: Ball 2-2: Foul Ball, location: 2F 2-2: Strikes out looking
|
Batting: RHB Michael Patterson
|
0-0: Ball 1-0: Ball 2-0: Swinging Strike 2-1: Called Strike 2-2: Ball 3-2: Ground out 5-3 (Groundball, 56S, EV 66.9 MPH)
|
Bottom of the 4th over - 0 runs, 0 hits, 0 errors, 0 left on base; Clemson University 0 - University of Michigan 0 |
TOP OF THE 5TH |
Clemson University Tigers batting - Pitching for University of Michigan Wolverines : RHP Troy O'Connor
|
Batting: RHB Nick Ellis
|
0-0: Called Strike 0-1: Ball 1-1: Foul Ball, location: 2F 1-2: Strikes out swinging
|
Batting: LHB Bryant Dill
|
0-0: Swinging Strike 0-1: Ball 1-1: Ball 2-1: Swinging Strike 2-2: Foul Ball, location: 2F 2-2: Ball 3-2: Fly out, F8 (Flyball, 89D, EV 81.9 MPH)
|
Batting: RHB Ross Hallock
|
0-0: Called Strike 0-1: Swinging Strike 0-2: Ball 1-2: Ground out 6-3 (Groundball, 6, EV 77.5 MPH)
|
Top of the 5th over - 0 runs, 0 hits, 0 errors, 0 left on base; Clemson University 0 - University of Michigan 0 |
BOTTOM OF THE 5TH |
University of Michigan Wolverines batting - Pitching for Clemson University Tigers : LHP Oliver Troiano
|
Batting: RHB Shi-xian Da
|
0-0: Ball 1-0: Called Strike 1-1: Called Strike 1-2: Ground out 6-3 (Groundball, 6, EV 105.6 MPH)
|
Batting: SHB Raul Herrera
|
0-0: Ball 1-0: Foul Ball, location: 2F 1-1: Called Strike 1-2: Ball 2-2: Ball 3-2: Base on Balls
|
Batting: LHB Carlos Guajardo
|
0-0: Ball 1-0: Ball 2-0: Called Strike 2-1: Foul Ball, location: 2F 2-2: Foul Ball, location: 2F 2-2: SINGLE (Groundball, 4MD, EV 100.6 MPH) Raul Herrera to second
|
Pitching: RHP A.J. Newman
|
|
Batting: RHB Ben Follett
|
0-0: Ball 1-0: Ball Raul Herrera is caught stealing 3rd base 2-5 Carlos Guajardo to second 2-0: Hit by Pitch
|
Batting: SHB J.D. Newman
|
0-0: Called Strike 0-1: Swinging Strike 0-2: Foul Ball, location: 2F 0-2: Fly out, F4 (Flyball, 34D, EV 90.6 MPH)
|
Bottom of the 5th over - 0 runs, 1 hit, 0 errors, 2 left on base; Clemson University 0 - University of Michigan 0 |
TOP OF THE 6TH |
Clemson University Tigers batting - Pitching for University of Michigan Wolverines : RHP Troy O'Connor
|
Batting: RHB Adrian Franz
|
0-0: Ball 1-0: Foul Ball, location: 2F 1-1: Ball 2-1: Swinging Strike 2-2: Fly out, F2 (Popup, 25F, EV 88.8 MPH)
|
Batting: LHB Wade Girard
|
0-0: Called Strike 0-1: Ball 1-1: Ball 2-1: Swinging Strike 2-2: Strikes out swinging
|
Batting: LHB Jonathan Watt
|
0-0: Ball 1-0: Ball 2-0: Ball 3-0: Called Strike 3-1: Foul Ball, location: 2F 3-2: Ground out 4-3 (Groundball, 4, EV 82.5 MPH)
|
Top of the 6th over - 0 runs, 0 hits, 0 errors, 0 left on base; Clemson University 0 - University of Michigan 0 |
BOTTOM OF THE 6TH |
University of Michigan Wolverines batting - Pitching for Clemson University Tigers : RHP A.J. Newman
|
Batting: LHB Hector Beltran
|
0-0: Foul Ball, location: 2F 0-1: Foul Ball, location: 2F 0-2: Strikes out swinging
|
Batting: RHB Mitsuhiro Kobayashi
|
0-0: Ground out 1-3 (Groundball, P, EV 71.2 MPH)
|
Batting: LHB Takao Ogura
|
0-0: Foul Ball, location: 2F 0-1: Swinging Strike 0-2: Strikes out swinging
|
Bottom of the 6th over - 0 runs, 0 hits, 0 errors, 0 left on base; Clemson University 0 - University of Michigan 0 |
TOP OF THE 7TH |
Clemson University Tigers batting - Pitching for University of Michigan Wolverines : RHP Troy O'Connor
|
Batting: LHB Mario Nunez
|
0-0: Called Strike 0-1: Reached on error, E2 (Groundball, 13S, EV 71.9 MPH)
|
Batting: RHB Jason Duncan
|
0-0: Ball 1-0: Ball 2-0: Foul Ball, location: 2F 2-1: Ball 3-1: Base on Balls
|
Batting: RHB Steve Brock
|
0-0: Ball 1-0: Ball 2-0: Foul Ball, location: 2F 2-1: Fly out, F8 (Line Drive, 8RD, EV 95.6 MPH)
|
Pinch Hitting: LHB Steve Gates
|
0-0: Ball 1-0: DOUBLE (Line Drive, 7LS, EV 104.4 MPH) Mario Nunez scores Jason Duncan to third
|
Batting: LHB Bryant Dill
|
0-0: Called Strike 0-1: Fly out, F2 (Popup, 2R, EV 90.0 MPH)
|
Batting: RHB Ross Hallock
|
0-0: Swinging Strike 0-1: Swinging Strike 0-2: Strikes out swinging
|
Top of the 7th over - 1 run, 1 hit, 1 error, 2 left on base; Clemson University 1 - University of Michigan 0 |
BOTTOM OF THE 7TH |
University of Michigan Wolverines batting - Pitching for Clemson University Tigers : RHP A.J. Newman
|
Pitching: LHP Jonathan Hughes
|
|
Now at 3B: Mike Ryan
|
|
Batting: RHB Michael Patterson
|
0-0: Called Strike 0-1: Ball 1-1: SINGLE (Groundball, 56D, EV 106.2 MPH)
|
Batting: RHB Shi-xian Da
|
0-0: Sac Bunt to 23 - play at first, batter OUT! 3-4 Michael Patterson to second
|
Batting: SHB Raul Herrera
|
0-0: Ball 1-0: Ball 2-0: Called Strike 2-1: Ball 3-1: Base on Balls
|
Batting: LHB Carlos Guajardo
|
0-0: Swinging Strike 0-1: Foul Ball, location: 2F 0-2: Ball 1-2: Strikes out swinging
|
Batting: RHB Ben Follett
|
0-0: Ball 1-0: Fly out, F8 (Flyball, 8LS, EV 90.0 MPH)
|
Bottom of the 7th over - 0 runs, 1 hit, 0 errors, 2 left on base; Clemson University 1 - University of Michigan 0 |
TOP OF THE 8TH |
Clemson University Tigers batting - Pitching for University of Michigan Wolverines : RHP Troy O'Connor
|
Pitching: RHP Malcolm Petteway
|
|
Batting: RHB Adrian Franz
|
0-0: Foul Ball, location: 2F 0-1: Ball 1-1: Ball 2-1: Ball 3-1: Fly out, F8 (Flyball, 78D, EV 96.2 MPH)
|
Batting: LHB Wade Girard
|
0-0: Called Strike 0-1: Ball 1-1: Foul Ball, location: 2F 1-2: Fly out, F7 (Flyball, 7, EV 90.6 MPH)
|
Batting: LHB Jonathan Watt
|
0-0: Foul Ball, location: 2F 0-1: Ball 1-1: Foul Ball, location: 2F 1-2: Strikes out swinging
|
Top of the 8th over - 0 runs, 0 hits, 0 errors, 0 left on base; Clemson University 1 - University of Michigan 0 |
BOTTOM OF THE 8TH |
University of Michigan Wolverines batting - Pitching for Clemson University Tigers : LHP Jonathan Hughes
|
Batting: SHB J.D. Newman
|
0-0: Called Strike 0-1: Ball 1-1: SINGLE (Groundball, 34, EV 96.9 MPH) (infield hit)
|
Batting: LHB Hector Beltran
|
0-0: Called Strike 0-1: Ball 1-1: Called Strike 1-2: Strikes out swinging
|
Batting: RHB Mitsuhiro Kobayashi
|
0-0: Ball 1-0: Ball 2-0: Foul Ball, location: 2F 2-1: Ball 3-1: Foul Ball, location: 2F 3-2: Foul Ball, location: 2F 3-2: Base on Balls J.D. Newman to second
|
Batting: LHB Takao Ogura
|
0-0: Foul Ball, location: 2F 0-1: Hit by Pitch J.D. Newman to third Mitsuhiro Kobayashi to second
|
Pitching: RHP Santos Gonzales
|
|
Pinch Hitting: SHB Fernando Fundora
|
0-0: Ball 1-0: Foul Ball, location: 2F 1-1: Fly out, F8 (Line Drive, 8RD, EV 93.8 MPH)
|
Batting: RHB Shi-xian Da
|
0-0: Ball 1-0: Fielders Choice at 2nd, 6-4 (Groundball, 6, EV 91.2 MPH)
|
Bottom of the 8th over - 0 runs, 1 hit, 0 errors, 3 left on base; Clemson University 1 - University of Michigan 0 |
TOP OF THE 9TH |
Clemson University Tigers batting - Pitching for University of Michigan Wolverines : RHP Malcolm Petteway
|
Now at 3B: Jeremy Marin
|
|
Batting: LHB Mario Nunez
|
0-0: SOLO HOME RUN (Flyball, 78XD, EV 106.2 MPH), Distance : 414 ft
|
Batting: RHB Jason Duncan
|
0-0: Foul Ball, location: 2F 0-1: Foul Ball, location: 2F 0-2: Foul Ball, location: 2F 0-2: Ball 1-2: Foul Ball, location: 2F 1-2: Ball 2-2: Ball 3-2: Ground out 5-3 (Groundball, 56S, EV 83.1 MPH)
|
Batting: RHB Steve Brock
|
0-0: SINGLE (Groundball, 6MD, EV 97.5 MPH)
|
Batting: RHB Mike Ryan
|
0-0: Ball 1-0: Ball 2-0: Grounds into double play, 4-6-3 (Groundball, 4M, EV 91.9 MPH)
|
Top of the 9th over - 1 run, 2 hits, 0 errors, 0 left on base; Clemson University 2 - University of Michigan 0 |
BOTTOM OF THE 9TH |
University of Michigan Wolverines batting - Pitching for Clemson University Tigers : RHP Santos Gonzales
|
Pitching: LHP Will West
|
|
Batting: SHB Raul Herrera
|
0-0: Called Strike 0-1: Ball 1-1: Called Strike 1-2: Ball 2-2: Fly out, F9 (Flyball, 89M, EV 86.9 MPH)
|
Batting: LHB Carlos Guajardo
|
0-0: SINGLE (Line Drive, 8RS, EV 98.1 MPH)
|
Batting: RHB Ben Follett
|
0-0: Ball 1-0: Ball 2-0: Called Strike 2-1: Called Strike 2-2: Foul Ball, location: 2F 2-2: SINGLE (Line Drive, 6MD, EV 97.5 MPH) Carlos Guajardo to second
|
Batting: SHB J.D. Newman
|
0-0: Called Strike 0-1: Fly out, F8 (Flyball, 8RD, EV 88.8 MPH)
|
Batting: LHB Hector Beltran
|
0-0: Ball 1-0: Ball 2-0: Fly out, F7 (Flyball, 7, EV 86.2 MPH)
|
Bottom of the 9th over - 0 runs, 2 hits, 0 errors, 2 left on base; Clemson University 2 - University of Michigan 0 |
|